 Dungeon Crawl Stone Soup version bcrawl-1.21.3-16-g7f46a08de7 (webtiles) character file.

Game seed: 2075370357133250495

403 Chiseanne the Covert (level 6, 0/32 HPs)
             Began as a Spriggan Wanderer on Apr 28, 2020.
             Was an Initiate of Gozag.
             Killed by divine providence
             ... invoked by an orc priest
              (10 damage)
             ... on level 6 of the Dungeon.
             The game lasted 00:09:58 (2547 turns).

Chiseanne the Covert (Spriggan Wanderer)            Turns: 2547, Time: 00:09:59

Health: 0/32       AC:  3    Str:  5    XL:     6   Next: 55%
Magic:  7/7        EV: 21    Int: 16    God:    Gozag
Gold:   41         SH:  0    Dex: 18    Spells: 5/5 levels left

rFire    . . .     SeeInvis +   a - +2 dagger
rCold    . . .     Gourm    .   (shield restricted)
rNeg     . . .     Faith    .   f - +1 robe
rPois    .         Spirit   .   (helmet restricted)
rElec    .         Reflect  .   (no cloak)
rCorr    .         Harm     .   (gloves unavailable)
MR       +....                  (boots unavailable)
Stlth    ++++......             (no amulet)
HPRegen  0.10/turn              (no ring)
MPRegen  0.10/turn              (no ring)

@: very quick
A: very small, unfitting armour, see invisible, herbivore, speed 3, slow
metabolism 2
a: Potion Petition, Call Merchant, Bribe Branch, Renounce Religion


You were on level 6 of the Dungeon.
You worshipped Gozag.
Gozag was noncommittal.
You were not hungry.

You visited 2 branches of the dungeon, and saw 7 of its levels.
You also visited: Sewer.

You collected 150 gold pieces.
You paid 109 gold pieces to Gozag.

Inventory:

Hand Weapons
 a - a +2 dagger (weapon)
 q - a +2 shortbow of flaming
 w - a +0 blowgun
Missiles
 g - 441 stones (quivered)
 l - 610 arrows
 m - 369 bolts
Armour
 f - a +1 robe (worn)
Jewellery
 h - an uncursed amulet of faith
 n - a +6 amulet of reflection {unknown}
 r - a +2 ring of intelligence {unknown}
Wands
 t - a wand of random effects (9)
Scrolls
 b - a scroll of summoning
 d - a scroll of identify
 i - a scroll of immolation
 j - 3 scrolls of teleportation
 k - a scroll of magic mapping {unknown}
 v - 2 scrolls of enchant armour
Potions
 c - a potion of flight
 o - a potion of might {unknown}
 p - 2 potions of curing
 s - a potion of degeneration {unknown}
 u - a potion of magic {unknown}
 x - a potion of ambrosia {unknown}
Comestibles
 e - 5 rations {!d}


   Skills:
 - Level 3.2 Fighting
 * Level 4.0 Short Blades
 + Level 2.1 Throwing
 * Level 5.3 Dodging
 * Level 8.7 Stealth
   Level 1.0 Shields


You had 5 spell levels left.
You didn't know any spells.
Your spell library contained the following spells:

 Spells                   Type           Power        Failure   Level  Hunger
 Apportation              Tloc           #.....       26%         1    ##.....
 Infusion                 Chrm           #.......     26%         1    ##.....
 Sandblast                Erth           #.....       26%         1    ##.....
 Slow                     Hex            #.......     26%         1    ##.....
 Summon Butterflies       Summ           #.......     26%         1    ##.....


Dungeon Overview and Level Annotations

Branches:
Dungeon (6/12)             Temple (1/1) D:5

Altars:
Elyvilon
Fedhas
Gozag
Kikubaaqudgha
Lugonu
Nemelex Xobeh
Qazlal
Uskayaw
Vehumet
Wu Jian
Yredelemnul
Zin


Innate Abilities, Weirdness & Mutations

You are very small and have problems with some larger weapons.
You are too small for most types of armour.
You have supernaturally acute eyesight. (SInv)
You are a herbivore.
You cover ground extremely quickly.
You need to consume almost no food.


Message History

The orc is moderately wounded.
The centaur unwields a +0 shortbow.
The centaur completely misses you.
You closely miss the orc.
The adder zombie bites the withered plant.
The centaur hits you.
* * * LOW HITPOINT WARNING * * *
You hit the orc but do no damage.
The centaur hits you but does no damage.
The orc hits you but does no damage.
You hit the orc.
The orc is heavily wounded.
Your surroundings suddenly seem different.
An orc comes into view. It is wielding a +0 club.
The orc shouts!
An orc priest comes into view. It is wielding a +0 hand axe.
The orc priest shouts!
You hear a shout!
The orc priest mumbles some strange prayers to Beogh against you.
Beogh smites you!
You die...
Your body crumbles into a pile of gold.

#.# #o# #o#
$ #.# #.#
####.#######
#...........
#.# #@# #.#
#.# #.# #.#
#.. ###


You could see an orc priest and an orc.

Vanquished Creatures
  An ogre (D:4)
  2 centaurs
  A howler monkey (D:4)
  2 worker ants
  An iguana (D:4)
  A river rat (Sewer)
  2 worms
  A dart slug (D:4)
  A leopard gecko (D:5)
  3 orcs (D:4)
  4 ball pythons
  A giant cockroach (D:4)
  A hobgoblin (D:2)
  A jackal (D:3)
  A quokka (D:5)
  A frilled lizard (D:2)
  6 kobolds
  13 rats
43 creatures vanquished.

Notes
Turn   | Place    | Note
-------+----------+-------------------------------------------
     0 | D:1      | Chiseanne the Spriggan Wanderer began the quest for the
                  | Orb.
     0 | D:1      | Chiseanne set off with the following items: a +2 dagger, a
                  | scroll of summoning, a potion of flight, a potion of
                  | berserk rage, a ration {!d}, a +0 robe
     0 | D:1      | Reached XP level 1. HP: 12/12 MP: 2/2
   324 | D:2      | Reached skill level 1 in Short Blades
   360 | D:2      | Reached XP level 2. HP: 8/16 MP: 3/3
   562 | D:3      | Found a glowing drain.
   590 | Sewer    | Entered a sewer
   721 | Sewer    | Reached skill level 7 in Stealth
   721 | Sewer    | Reached XP level 3. HP: 14/20 MP: 4/4
  1183 | D:4      | Reached skill level 1 in Throwing
  1183 | D:4      | Reached XP level 4. HP: 24/24 MP: 5/5
  1275 | D:4      | Noticed a centaur
  1280 | D:4      | Found a basalt altar of Yredelemnul.
  1297 | D:4      | Killed a centaur
  1297 | D:4      | Reached XP level 5. HP: 16/28 MP: 6/6
  1495 | D:4      | Noticed an ogre
  1503 | D:4      | Killed an ogre
  1503 | D:4      | Reached skill level 8 in Stealth
  1503 | D:4      | Reached XP level 6. HP: 32/32 MP: 7/7
  1549 | D:4      | Reached skill level 5 in Dodging
  1697 | D:5      | Entered Level 5 of the Dungeon
  1857 | D:5      | Found a staircase to the Ecumenical Temple.
  1886 | Temple   | Entered the Ecumenical Temple
  2076 | D:5      | Found a stormy altar of Qazlal.
  2413 | Temple   | Became a worshipper of Gozag Ym Sagoz the Greedy
  2547 | D:6      | Killed from afar by an orc priest

Skill      XL: |  1  2  3  4  5  6 |
---------------+-------------------+-----
Short Blades   | 1 2 3 4 |  4.0
Dodging        | 2 3 4 5 |  5.3
Stealth        | 7 8 |  8.7
Throwing       | 1 2 |  2.1
Fighting       | |  3.2
Shields        | |  1.0

Action                   |  1- 3 |  4- 6 || total
-------------------------+-------+-------++-------
Melee: Dagger            |    93 |    87 ||   180
 Fire: Blowgun           |    18 |       ||    18
Throw: Stone             |       |     2 ||     2
  Use: Scroll            |     6 |     1 ||     7
       Potion            |       |     2 ||     2
 Stab: Sleeping          |     4 |     3 ||     7
       Distracted        |       |     1 ||     1
  Eat: Ration            |       |     1 ||     1
Armor: Robe              |    11 |     4 ||    15
Dodge: Dodged            |    73 |    77 ||   150
